 Dungeon Crawl Stone Soup version 0.29-a0-284-gf9362112df (webtiles) character file.

Game seed: 9638739953943832929

679 siradein the Skirmisher (level 7, 0/68 HPs)
             Began as a Troll Fighter on Mar 28, 2022.
             Succumbed to a water moccasin's poison
             ... on level 4 of the Dungeon.
             The game lasted 00:13:13 (3288 turns).

siradein the Skirmisher (Troll Fighter)             Turns: 3288, Time: 00:13:14

Health: 0/68       AC:  5    Str: 25    XL:     7   Next: 34%
Magic:  6/6        EV:  9    Int:  4    God:
Gold:   171        SH:  8    Dex: 11    Spells: 6/6 levels left

rFire   + . .      SeeInvis .   r - +2 flail (protect)
rCold   . . .      Faith    .   c - +0 kite shield
rNeg    . . .      Spirit   .   b - +0 robe
rPois   .          Reflect  .   (helmet restricted)
rElec   .          Harm     .   g - +0 cloak
rCorr   .          Rampage  .   (gloves unavailable)
Will    .....                   (boots unavailable)
Stlth   +.........              (no amulet)
HPRegen 1.01/turn               q - ring of protection from fire
MPRegen 0.10/turn               (no ring)

@: lethally poisoned (0 -> -7), hasted, very quick
A: large, unfitting armour, claws 3, regeneration 1, shaggy fur 1, tough skin 1
a: no special abilities


You were on level 4 of the Dungeon.
You visited 1 branch of the dungeon, and saw 5 of its levels.

You collected 171 gold pieces.

Inventory:

Hand Weapons
 i - a +0 morningstar
 r - a +2 flail of protection (weapon)
Missiles
 h - 5 large rocks
 m - 159 stones (quivered)
 w - a boomerang
Armour
 b - a +0 robe (worn)
 c - a +0 kite shield (worn)
 g - a +0 cloak (worn)
Jewellery
 q - a ring of protection from fire (left claw)
 u - a ring of fire
Scrolls
 a - a scroll of enchant weapon {unknown}
 e - 2 scrolls of amnesia {unknown}
 l - a scroll of blinking {unknown}
 o - a scroll of noise {unknown}
Potions
 d - 3 potions of might
 f - 2 potions of flight
 k - a potion of lignification {unknown}
 n - 2 potions of haste
 p - 2 potions of curing
 s - a potion of brilliance
 t - 2 potions of attraction {unknown}


   Skills:
 + Level 3.9 Fighting
 + Level 3.6 Maces & Flails
 + Level 2.7 Throwing
 + Level 3.8 Dodging
 + Level 3.9 Shields


You had 6 spell levels left.
You didn't know any spells.
Your spell library contained the following spells:

 Spells                   Type           Power      Damage    Failure   Level
 Animate Skeleton         Necr           0%         N/A       78%         1
 Pain                     Necr           0%         1d4       78%         1
 Corpse Rot               Necr/Air       0%         N/A       89%         2
 Ensorcelled Hibernation  Hex/Ice        0%         N/A       89%         2
 Passwall                 Tmut/Erth      0%         N/A       89%         2
 Poisonous Vapours        Pois/Air       0%         N/A       89%         2
 Swiftness                Air            0%         N/A       98%         3
 Vampiric Draining        Necr           0%         2d6       98%         3


Dungeon Overview and Level Annotations

Branches:
Dungeon (5/15)
 Temple: D:4-7

Altars:
Ru
Xom
Yredelemnul


Innate Abilities, Weirdness & Mutations

You are too large for most types of armour.
You have claws for hands.
Your natural rate of healing is unusually fast.
You are covered in fur. (AC +1)
You have tough skin. (AC +1)


Message History

The water moccasin bites you but does no damage.
You are too injured to fight recklessly!
You are too injured to fight recklessly!
You are too injured to fight recklessly!
You are too injured to fight recklessly!
You are too injured to fight recklessly!
The water moccasin attacks as you move away!
You block the water moccasin's attack.
You feel sick.
You feel sick. The water moccasin barely misses you.
You closely miss the water moccasin.
The water moccasin is heavily wounded.
You feel sick. The water moccasin bites you. x2
You miss the water moccasin.
The water moccasin is heavily wounded.
You feel sick. The water moccasin barely misses you.
You barely miss the water moccasin.
The water moccasin is heavily wounded.
You feel sick. The water moccasin bites you.
* * * LOW HITPOINT WARNING * * *
You are more poisoned.
The water moccasin poisons you! The water moccasin closely misses you.
You hit the water moccasin.
Your weapon exudes an aura of protection.
The water moccasin is severely wounded.
You feel very sick.
The water moccasin barely misses you. x2
You closely miss the water moccasin.
The water moccasin is severely wounded.
You feel very sick.
The water moccasin bites you but does no damage.
The water moccasin barely misses you.
You closely miss the water moccasin.
The water moccasin is heavily wounded.
You feel very sick. The water moccasin bites you.
* * * LOW HITPOINT WARNING * * *
You are lethally poisoned!
The water moccasin poisons you! You block the water moccasin's attack.
You feel yourself speed up.
You die...

# # ####### #...... #......
###...... ############
#####.#...8## #^.).......#
#....##...## #.########@#
#.###.#...# #.#
##S####.###.'...# #.#
####.>.....)####...# #.#
##...........####...##
#.###...............#...8##
#.............#######......
#####..........# #......
#.########.# #...... #.#
#.# #######


You could see a water moccasin.

Vanquished Creatures
  Sigmund (D:3)
  An ogre (D:4)
  A necrophage (D:4)
  4 orc priests (D:4)
  Jessica (D:2)
  2 orc wizards (D:4)
  An iguana (D:4)
  3 adders
  3 worms
  4 dart slugs
  12 orcs
  10 endoplasms
  18 giant cockroaches
  3 goblins
  7 hobgoblins
  6 jackals
  9 kobolds
  6 quokkas
  2 ball pythons
  4 bats
  5 rats
  A spectral orc (D:4)
104 creatures vanquished.

Notes
Turn   | Place    | Note
-------+----------+-------------------------------------------
     0 | D:1      | siradein the Troll Fighter began the quest for the Orb.
     0 | D:1      | Reached XP level 1. HP: 22/22 MP: 0/0
     8 | D:1      | Found a faded altar of an unknown god.
    70 | D:1      | Reached XP level 2. HP: 25/29 MP: 1/1
   389 | D:1      | Reached XP level 3. HP: 36/36 MP: 2/2
   752 | D:2      | Noticed Jessica
   766 | D:2      | Killed Jessica
   767 | D:2      | Reached XP level 4. HP: 39/44 MP: 3/3
   907 | D:2      | Reached skill level 1 in Throwing
  1538 | D:3      | Noticed Sigmund
  1562 | D:3      | Killed Sigmund
  1563 | D:3      | Reached XP level 5. HP: 53/53 MP: 4/4
  1698 | D:3      | Reached XP level 6. HP: 61/61 MP: 5/5
  2671 | D:4      | Reached XP level 7. HP: 64/68 MP: 6/6
  2865 | D:4      | Found a shimmering altar of Xom.
  2874 | D:4      | Found a sacrificial altar of Ru.
  3133 | D:4      | Found a basalt altar of Yredelemnul.
  3239 | D:4      | Gained mutation: You have a somewhat thin skeletal
                  | structure. (Dex +2, Stealth+) [potion of mutation]
  3239 | D:4      | Lost mutation: You have a somewhat thin skeletal structure.
                  | (Dex +2, Stealth+) [potion of mutation]
  3261 | D:5      | Entered Level 5 of the Dungeon
  3287 | D:4      | HP: 3/68 [water moccasin (6)]
  3288 | D:4      | Succumbed to a water moccasin's poison

Illustrated notes

Levels and vault maps discovered:
D:1:      dpeg_arrival_tiny_a, layout_basic, ebering_ecumenical_altar_abandoned
D:2:      layout_loops_ring, hangedman_decor_opposing, minmay_misc_feat_doors,
          uniq_jessica
D:3:      minmay_roachtagon, layout_basic, kennysheep_flooded_box, uniq_sigmund
D:4:      layout_loops_ring, yredelemnul_forgotten_temple_becter,
          mainiacjoe_overflow_swirl, kennysheep_path_1
D:5:      layout_rooms

Skill      XL: |  1  2  3  4  5  6 |
---------------+-------------------+-----
Maces & Flails | 2 3 |  3.6
Throwing       | 1 2 |  2.7
Fighting       | 3 |  3.9
Dodging        | 3 |  3.8
Shields        | 3 |  3.9

Action                   |  1- 3 |  4- 6 |  7- 9 || total
-------------------------+-------+-------+-------++-------
Melee: Flail             |    65 |    70 |    57 ||   192
       Morningstar       |    70 |   111 |       ||   181
Throw: Large rock        |       |     5 |       ||     5
  Use: Scroll            |       |       |     4 ||     4
       Potion            |       |       |     2 ||     2
 Stab: Sleeping          |     1 |     1 |       ||     2
       Distracted        |     1 |       |       ||     1
Armor: Robe              |    49 |    79 |    21 ||   149
Dodge: Dodged            |    60 |    95 |    23 ||   178
Block: Kite shield       |    66 |   103 |    20 ||   189

Table legend: (Time is in decaauts)
 A = Elapsed time spent in this place.
 B = Non-inter-level travel time spent in this place.
 C = Inter-level travel time spent in this place.
 D = Time resting spent in this place.
 E = Time spent auto-exploring this place.
 F = Levels seen in this place.
 G = Mean time per level.
                   A        B        C        D        E       F      G
               +--------+--------+--------+--------+--------+-----+--------+
         Total |   3457 |   3375 |     82 |     11 |   2388 |   5 |  691.4 |
       Dungeon |   3457 |   3375 |     82 |     11 |   2388 |   5 |  691.4 |
               +--------+--------+--------+--------+--------+-----+--------+

Top non-repeatable levels by time:
     D:2: 975 daAuts
     D:4: 959 daAuts
     D:3: 899 daAuts
     D:1: 615 daAuts
     D:5: 7 daAuts
